[Event "Hungarian U20 Junior-ch Women 2024"]
[Site "Budapest"]
[Date "2024.03.11"]
[Round "1.1"]
[White "Szarvas, Nora"]
[Black "Toth, Lili"]
[Result "1/2-1/2"]
[ECO "C45"]
[WhiteElo "1955"]
[BlackElo "2199"]
[Annotator "RC"]
[PlyCount "90"]
[EventDate "2024.03.10"]
[EventCountry "HUN"]
[SourceTitle "playchess.com"]
[Source "ChessBase"]
[SourceQuality "1"]
[TimeControl "40/5400+30:1800+30"]

1. e4 e5 2. Nf3 Nc6 3. d4 exd4 4. Nxd4 Nf6 5. Nxc6 bxc6 6. e5 Qe7 7. Qe2 Nd5 8. h4 d6 9. exd6 cxd6 10. Bd2 Rb8 11. c4 Nb4 12. Bxb4 Rxb4 13. b3 Bf5 14. Nd2 g6 15. Nf3 Bg7 16. Qxe7+ Kxe7 17. O-O-O Rhb8 18. Bd3 Bg4 19. Rhe1+ Kf8 20. Be4 Bh6+ 21. Kc2 d5 22. Bd3 Bg7 23. Rd2 Rc8 24. Rde2 Bf6 25. Re3 Be6 26. c5 Bxh4 27. a3 Rg4 28. g3 Be7 29. b4 Bf6 30. Rh1 Kg7 31. Be2 Bf5+ 32. Bd3 Rc4+ 33. Kd2 Bxd3 34. Rxd3 Re8 35. Re1 Rxe1 36. Nxe1 a5 37. Nc2 axb4 38. axb4 h5 39. Rb3 Be7 40. Ne3 Rd4+ 41. Ke2 Re4 42. Kf3 Re6 43. Rd3 Kf8 44. Nc2 Ke8 45. Nd4 Rf6+ 1/2-1/2

[Event "Hungarian U20 Junior-ch Women 2024"]
[Site "Budapest"]
[Date "2024.03.11"]
[Round "1.2"]
[White "Buri, Petra Zsuzsanna"]
[Black "Nandin-Erdene, Davaademberel"]
[Result "1-0"]
[ECO "B10"]
[WhiteElo "1972"]
[BlackElo "1978"]
[Annotator "RC"]
[PlyCount "113"]
[EventDate "2024.03.10"]
[EventCountry "HUN"]
[SourceTitle "playchess.com"]
[Source "ChessBase"]
[SourceQuality "1"]
[TimeControl "40/5400+30:1800+30"]

1. e4 c6 2. Nf3 d5 3. exd5 cxd5 4. Ne5 Nf6 5. d4 g6 6. Bb5+ Nbd7 7. O-O Bg7 8. Re1 O-O 9. Nc3 a6 10. Bf1 Nb6 11. a4 Bf5 12. a5 Nbd7 13. h3 Rc8 14. Bd3 Bxd3 15. Qxd3 Nb8 16. Bd2 Ne8 17. Na4 f6 18. Ng4 Nd7 19. Qb3 Nc7 20. Qxb7 e5 21. c3 Rb8 22. Qc6 Rb5 23. dxe5 fxe5 24. Bg5 Qxg5 25. Qxd7 h5 26. Ne3 Rf7 27. Qc6 d4 28. cxd4 exd4 29. Nc4 Rbf5 30. Rf1 R5f6 31. Qe4 Re6 32. Qd3 h4 33. Nab6 Nd5 34. Nxd5 Qxd5 35. Rad1 Rf5 36. Ne3 dxe3 37. Qxd5 Rxd5 38. Rxd5 e2 39. Re1 Bxb2 40. Rd3 Bc1 41. g3 g5 42. gxh4 gxh4 43. Kg2 Bf4 44. Kf3 Bc7 45. Rd5 Rf6+ 46. Kxe2 Rf4 47. Rc1 Rf7 48. Rc6 Re7+ 49. Kf1 Rf7 50. Rxa6 Bg3 51. Rd2 Bf4 52. Rc2 Kg7 53. Rac6 Ra7 54. a6 Be5 55. R2c5 Bf4 56. Rb5 Kg8 57. Rc8+ 1-0

[Event "Hungarian U20 Junior-ch Women 2024"]
[Site "Budapest"]
[Date "2024.03.11"]
[Round "1.3"]
[White "Karacsonyi, Luca"]
[Black "Sipos, Stefania"]
[Result "1/2-1/2"]
[ECO "C54"]
[WhiteElo "1956"]
[BlackElo "1885"]
[Annotator "RC"]
[PlyCount "66"]
[EventDate "2024.03.10"]
[EventCountry "HUN"]
[SourceTitle "playchess.com"]
[Source "ChessBase"]
[SourceQuality "1"]
[TimeControl "40/5400+30:1800+30"]

1. e4 e5 2. Nf3 Nc6 3. Bc4 Bc5 4. c3 Nf6 5. d4 exd4 6. cxd4 Bb4+ 7. Nbd2 Nxe4 8. d5 Ne7 9. O-O Nxd2 10. Bxd2 Bxd2 11. d6 cxd6 12. Qxd2 d5 13. Bxd5 Nxd5 14. Qxd5 O-O 15. Rad1 d6 16. Qxd6 Qxd6 17. Rxd6 Be6 18. a3 Rfd8 19. Rfd1 Rxd6 20. Rxd6 Kf8 21. Ng5 Ke7 22. Rd4 Rc8 23. g4 h6 24. Nxe6 Kxe6 25. Rd2 Rc4 26. h3 h5 27. f3 b5 28. Kf2 b4 29. b3 Rc3 30. axb4 hxg4 31. hxg4 Rxb3 32. Ra2 Rxb4 33. Rxa7 g5 1/2-1/2

[Event "Hungarian U20 Junior-ch Women 2024"]
[Site "Budapest"]
[Date "2024.03.11"]
[Round "1.4"]
[White "Toth, Nikoletta"]
[Black "Kiraly, Lilla Virag"]
[Result "1-0"]
[ECO "A45"]
[WhiteElo "1962"]
[BlackElo "1923"]
[Annotator "ChessBase"]
[PlyCount "61"]
[EventDate "2024.03.10"]
[EventCountry "HUN"]
[SourceTitle "playchess.com"]
[Source "ChessBase"]
[SourceQuality "1"]
[TimeControl "40/5400+30:1800+30"]

1. d4 Nf6 2. Bf4 d5 3. e3 c5 4. c3 Nc6 5. Nd2 Bf5 6. Ngf3 Qb6 7. Qb3 Qxb3 8. axb3 Nh5 9. dxc5 f6 10. Bg3 e5 11. b4 Nxg3 12. hxg3 Nd8 13. Nh4 Bd7 14. Ng6 Rg8 15. Nxf8 Kxf8 16. Rxh7 Bf5 17. Rh4 Ne6 18. e4 dxe4 19. Nc4 g5 20. Rh1 Bg6 21. Nd6 Ke7 22. Nxb7 e3 23. fxe3 Rgb8 24. Na5 Be4 25. Kf2 Nd8 26. Be2 Nb7 27. Bf3 Bxf3 28. Kxf3 Nxa5 29. Rxa5 a6 30. Rha1 Rd8 31. Ke4 1-0

[Event "Hungarian U20 Junior-ch Women 2024"]
[Site "Budapest"]
[Date "2024.03.11"]
[Round "1.5"]
[White "Juhasz, Judit"]
[Black "Sulyok, Eszter"]
[Result "1/2-1/2"]
[ECO "B43"]
[WhiteElo "2002"]
[BlackElo "2082"]
[Annotator "RC"]
[PlyCount "108"]
[EventDate "2024.03.10"]
[EventCountry "HUN"]
[SourceTitle "playchess.com"]
[Source "ChessBase"]
[SourceQuality "1"]
[TimeControl "40/5400+30:1800+30"]

1. e4 c5 2. Nf3 e6 3. d4 cxd4 4. Nxd4 a6 5. Nc3 Qc7 6. Be2 Nf6 7. O-O Be7 8. Be3 O-O 9. f4 d6 10. Kh1 Nbd7 11. Qe1 b5 12. a3 Bb7 13. Bf3 Nc5 14. Bd2 d5 15. exd5 Nxd5 16. f5 Nxc3 17. Bxc3 Bxf3 18. Rxf3 e5 19. Nb3 Nxb3 20. cxb3 Bf6 21. Re3 Rfe8 22. Qg3 Rad8 23. Rae1 Rd5 24. Re4 Qd7 25. Qf3 h6 26. h3 Rd3 27. Qf2 Rd1 28. Kh2 Rxe1 29. Rxe1 e4 30. Bxf6 Qd6+ 31. g3 Qxf6 32. Re2 Re5 33. g4 Qd6 34. Kg2 Qd5 35. Qe3 Re8 36. b4 h5 37. Qc5 Qd3 38. Qe3 Qd5 39. Qc5 Qb7 40. Qe3 h4 41. Rd2 Qc7 42. Rd4 Qe5 43. Kg1 Qc7 44. Rxe4 Rxe4 45. Qxe4 Qc1+ 46. Kf2 Qxb2+ 47. Qe2 Qb3 48. Qe3 Qc2+ 49. Qe2 Qc7 50. Qf3 Qd6 51. Kg2 Kf8 52. Qe3 Qd5+ 53. Kf2 Qa2+ 54. Kf3 Qd5+ 1/2-1/2

[Event "Hungarian U20 Junior-ch Women 2024"]
[Site "Budapest"]
[Date "2024.03.12"]
[Round "2.1"]
[White "Toth, Lili"]
[Black "Sulyok, Eszter"]
[Result "0-1"]
[ECO "B40"]
[WhiteElo "2199"]
[BlackElo "2082"]
[Annotator "RC"]
[PlyCount "104"]
[EventDate "2024.03.10"]
[EventCountry "HUN"]
[SourceTitle "playchess.com"]
[Source "ChessBase"]
[SourceQuality "1"]
[TimeControl "40/5400+30:1800+30"]

1. e4 c5 2. Nf3 e6 3. b3 d6 4. d4 cxd4 5. Nxd4 Nf6 6. Bd3 Nbd7 7. O-O g6 8. Bb2 Bg7 9. c4 O-O 10. Nc3 a6 11. Re1 Nh5 12. Bf1 b6 13. Qd2 Qc7 14. Rad1 Rd8 15. Nc2 Ne5 16. Kh1 Bb7 17. f4 Ng4 18. Ne3 Ngf6 19. Nc2 Nxe4 20. Nxe4 Bxe4 21. Rxe4 Bxb2 22. Nd4 d5 23. cxd5 exd5 24. Re5 Bxd4 25. Qxd4 Nf6 26. Rde1 Qc5 27. Qb2 Ng4 28. R5e2 d4 29. Rd2 Ne3 30. Be2 Qc3 31. Bf3 Qxb2 32. Rxb2 Rac8 33. Kg1 Nc2 34. Rd1 Ne3 35. Rd3 Rc1+ 36. Kf2 Rc2+ 37. Rxc2 Nxc2 38. Rd2 Na3 39. Be2 Nb1 40. Rb2 Nc3 41. Rc2 b5 42. Kf3 a5 43. g4 Re8 44. f5 Re3+ 45. Kf2 Rxe2+ 46. Rxe2 Nxe2 47. Kxe2 gxf5 48. gxf5 Kg7 49. Kd3 Kf6 50. Kxd4 Kxf5 51. Kc5 Ke4 52. Kxb5 f5 0-1

[Event "Hungarian U20 Junior-ch Women 2024"]
[Site "Budapest"]
[Date "2024.03.12"]
[Round "2.2"]
[White "Kiraly, Lilla Virag"]
[Black "Juhasz, Judit"]
[Result "1/2-1/2"]
[ECO "B45"]
[WhiteElo "1923"]
[BlackElo "2002"]
[Annotator "RC"]
[PlyCount "102"]
[EventDate "2024.03.10"]
[EventCountry "HUN"]
[SourceTitle "playchess.com"]
[Source "ChessBase"]
[SourceQuality "1"]
[TimeControl "40/5400+30:1800+30"]

1. e4 c5 2. Nf3 e6 3. d4 cxd4 4. Nxd4 Nc6 5. Nc3 Bc5 6. Be3 Qb6 7. Na4 Qa5+ 8. c3 Bxd4 9. Bxd4 Nxd4 10. Qxd4 e5 11. Qb4 Qxb4 12. cxb4 Nf6 13. Nc3 Ke7 14. Rd1 d6 15. f3 Be6 16. g4 a6 17. a4 Rac8 18. b5 a5 19. Kf2 Rc5 20. Bd3 Bb3 21. Rd2 Nd7 22. Bc2 Bxc2 23. Rxc2 Ke6 24. Rd1 Nb6 25. Re2 Rhc8 26. Rd3 f6 27. h4 d5 28. exd5+ Nxd5 29. Red2 Nxc3 30. bxc3 R8c7 31. Rd6+ Kf7 32. Rd7+ Kg6 33. b6 Rxd7 34. Rxd7 Rxc3 35. Rxb7 Rc4 36. Ra7 Rxa4 37. b7 Rb4 38. Kg3 a4 39. h5+ Kh6 40. Kh4 g6 41. Rxa4 Rxb7 42. Ra6 Kg7 43. h6+ Kxh6 44. Rxf6 Rb4 45. Re6 Rb3 46. g5+ Kg7 47. Kg3 Rb5 48. Re7+ Kg8 49. Kg4 Rc5 50. Kh4 Rc3 51. Kg3 Rc5 1/2-1/2

[Event "Hungarian U20 Junior-ch Women 2024"]
[Site "Budapest"]
[Date "2024.03.12"]
[Round "2.3"]
[White "Sipos, Stefania"]
[Black "Toth, Nikoletta"]
[Result "0-1"]
[ECO "C54"]
[WhiteElo "1885"]
[BlackElo "1962"]
[Annotator "RC"]
[PlyCount "98"]
[EventDate "2024.03.10"]
[EventCountry "HUN"]
[SourceTitle "playchess.com"]
[Source "ChessBase"]
[SourceQuality "1"]
[TimeControl "40/5400+30:1800+30"]

1. e4 e5 2. Nf3 Nc6 3. Bc4 Bc5 4. c3 Nf6 5. d4 exd4 6. b4 Bb6 7. e5 Ne4 8. Bd5 Nxc3 9. Nxc3 dxc3 10. O-O O-O 11. Bg5 Qe8 12. Re1 Nxb4 13. Bb3 Na6 14. Bc2 Qe6 15. Bf4 Qc6 16. Ng5 h6 17. Nh7 d5 18. Nxf8 Kxf8 19. Bb3 Be6 20. Qd3 Ke7 21. Qh7 g5 22. Bc1 Nc5 23. Qxh6 Rg8 24. Bc2 g4 25. Qh7 Qe8 26. Qh4+ Kd7 27. Be3 Kc8 28. Bd4 g3 29. Bxc5 gxh2+ 30. Qxh2 Bxc5 31. Qf4 Rg4 32. Qf3 Qg8 33. Kf1 d4 34. Bf5 Rh4 35. g3 Rh6 36. Rab1 c6 37. a4 Kc7 38. Bxe6 fxe6 39. a5 Qh7 40. a6 Rh1+ 41. Qxh1 Qxh1+ 42. Ke2 Qe4+ 43. Kf1 Qd3+ 44. Kg2 Qxa6 45. Rh1 Be7 46. Ra1 Qb6 47. g4 d3 48. Rh7 Qb4 49. Kg3 Kb6 0-1

[Event "Hungarian U20 Junior-ch Women 2024"]
[Site "Budapest"]
[Date "2024.03.12"]
[Round "2.5"]
[White "Szarvas, Nora"]
[Black "Buri, Petra Zsuzsanna"]
[Result "1/2-1/2"]
[ECO "C54"]
[WhiteElo "1955"]
[BlackElo "1972"]
[Annotator "ChessBase"]
[PlyCount "77"]
[EventDate "2024.03.10"]
[EventCountry "HUN"]
[SourceTitle "playchess.com"]
[Source "ChessBase"]
[SourceQuality "1"]
[TimeControl "40/5400+30:1800+30"]

1. e4 e5 2. Nf3 Nc6 3. d4 exd4 4. Bc4 Bc5 5. c3 Nf6 6. e5 d5 7. Bb5 Ne4 8. cxd4 Bb6 9. O-O O-O 10. Bxc6 bxc6 11. Be3 Bg4 12. Nc3 f6 13. Nxe4 dxe4 14. Qb3+ Qd5 15. Nd2 fxe5 16. dxe5 Kh8 17. Nc4 Be2 18. Rfc1 Bxc4 19. Rxc4 Bxe3 20. fxe3 Qxe5 21. Rxc6 Rad8 22. Qc3 Qf5 23. Qe1 Rf7 24. Rac1 Qd7 25. h3 Kg8 26. Qh4 Qd3 27. R6c3 Qd2 28. Qxe4 Qf2+ 29. Kh2 Qxb2 30. R1c2 Qb6 31. Rc6 Qb7 32. Qc4 Rdd7 33. Qe6 Rde7 34. Qb3 Qxb3 35. axb3 Rxe3 36. Rxc7 Rxb3 37. Rxf7 Kxf7 38. Rc7+ Kg6 39. Rxa7 1/2-1/2

[Event "Hungarian U20 Junior-ch Women 2024"]
[Site "Budapest"]
[Date "2024.03.13"]
[Round "3.1"]
[White "Buri, Petra Zsuzsanna"]
[Black "Toth, Lili"]
[Result "0-1"]
[ECO "C68"]
[WhiteElo "1972"]
[BlackElo "2199"]
[Annotator "RC"]
[PlyCount "70"]
[EventDate "2024.03.10"]
[EventCountry "HUN"]
[SourceTitle "playchess.com"]
[Source "ChessBase"]
[SourceQuality "1"]
[TimeControl "40/5400+30:1800+30"]

1. e4 e5 2. Nf3 Nc6 3. Bb5 a6 4. Bxc6 dxc6 5. O-O Qf6 6. d4 exd4 7. Qxd4 Bd7 8. Bg5 Qxd4 9. Nxd4 f6 10. Be3 O-O-O 11. f3 c5 12. Nb3 b6 13. Nc3 Bd6 14. Nd5 f5 15. Nd2 fxe4 16. Nxe4 Be5 17. Bf4 Bd4+ 18. Kh1 Bb5 19. Nxc7 Bxf1 20. Rxf1 Nf6 21. Ne6 Nxe4 22. fxe4 Rde8 23. Ng5 Kd7 24. c3 Bf6 25. Rd1+ Kc6 26. Rd6+ Kb7 27. Ne6 Re7 28. e5 Rhe8 29. Nd8+ Kc8 30. Nc6 Rd7 31. g4 Rxd6 32. exd6 Kd7 33. g5 Kxc6 34. gxf6 gxf6 35. Kg2 Re2+ 0-1

[Event "Hungarian U20 Junior-ch Women 2024"]
[Site "Budapest"]
[Date "2024.03.13"]
[Round "3.2"]
[White "Karacsonyi, Luca"]
[Black "Szarvas, Nora"]
[Result "1-0"]
[ECO "B22"]
[WhiteElo "1956"]
[BlackElo "1955"]
[Annotator "RC"]
[PlyCount "97"]
[EventDate "2024.03.10"]
[EventCountry "HUN"]
[SourceTitle "playchess.com"]
[Source "ChessBase"]
[SourceQuality "1"]
[TimeControl "40/5400+30:1800+30"]

1. e4 c5 2. c3 Nf6 3. e5 Nd5 4. d4 cxd4 5. Nf3 Nc6 6. cxd4 d6 7. Bc4 Nb6 8. Bb5 dxe5 9. Nxe5 Bd7 10. Nxd7 Qxd7 11. Nc3 Rd8 12. Be3 e6 13. O-O Be7 14. Qb3 O-O 15. Rfd1 Nd5 16. Nxd5 Qxd5 17. Qxd5 Rxd5 18. Bxc6 bxc6 19. Rac1 Rc8 20. Rd2 g5 21. Rdc2 Rd6 22. g3 h6 23. Rc4 Bf6 24. b4 a6 25. f4 gxf4 26. gxf4 Kf8 27. a4 Ke7 28. Kf1 Kd7 29. b5 axb5 30. axb5 Bd8 31. Ke2 Ba5 32. Kf3 Bd8 33. Bd2 Bb6 34. Ke3 f6 35. Bb4 Rd5 36. bxc6+ Kc7 37. Rg1 Kb8 38. Rg7 Rc7 39. Rg8+ Rc8 40. Rg6 e5 41. fxe5 Rxe5+ 42. Kf4 Rh5 43. Bd6+ Bc7 44. Rb4+ Ka8 45. Bxc7 Rxc7 46. Rg2 Ra5 47. d5 Ka7 48. Rd2 Ra6 49. d6 1-0

[Event "Hungarian U20 Junior-ch Women 2024"]
[Site "Budapest"]
[Date "2024.03.13"]
[Round "3.3"]
[White "Toth, Nikoletta"]
[Black "Nandin-Erdene, Davaademberel"]
[Result "1-0"]
[ECO "A45"]
[WhiteElo "1962"]
[BlackElo "1978"]
[Annotator "ChessBase"]
[PlyCount "75"]
[EventDate "2024.03.10"]
[EventCountry "HUN"]
[SourceTitle "playchess.com"]
[Source "ChessBase"]
[SourceQuality "1"]
[TimeControl "40/5400+30:1800+30"]

1. d4 Nf6 2. Bf4 g6 3. e3 Bg7 4. Nf3 d6 5. Be2 O-O 6. h3 b6 7. Bh2 c5 8. c3 Bb7 9. O-O Nbd7 10. Nbd2 a6 11. a4 Rc8 12. Re1 Re8 13. e4 cxd4 14. cxd4 e5 15. Bd3 exd4 16. Nc4 Ne5 17. Ncxe5 dxe5 18. Bxe5 Nh5 19. Bh2 Bf8 20. Bb1 Bc5 21. e5 Ng7 22. Bg3 Ne6 23. Be4 Bxe4 24. Rxe4 d3 25. b4 Qd5 26. Qe1 Bd4 27. Rd1 Bc3 28. Qe3 d2 29. Kh2 a5 30. bxa5 Bxa5 31. Bh4 Rc1 32. Rxd2 Bxd2 33. Nxd2 Ng7 34. Bf6 Nf5 35. Qf4 Rc6 36. g4 Rxf6 37. exf6 Rxe4 38. Qb8+ 1-0

[Event "Hungarian U20 Junior-ch Women 2024"]
[Site "Budapest"]
[Date "2024.03.13"]
[Round "3.4"]
[White "Juhasz, Judit"]
[Black "Sipos, Stefania"]
[Result "1-0"]
[ECO "B32"]
[WhiteElo "2002"]
[BlackElo "1885"]
[Annotator "RC"]
[PlyCount "73"]
[EventDate "2024.03.10"]
[EventCountry "HUN"]
[SourceTitle "playchess.com"]
[Source "ChessBase"]
[SourceQuality "1"]
[TimeControl "40/5400+30:1800+30"]

1. e4 c5 2. Nf3 Nc6 3. d4 cxd4 4. Nxd4 e5 5. Nb5 a6 6. N5c3 Nf6 7. Bg5 Be7 8. Bxf6 Bxf6 9. a4 d6 10. Nd5 O-O 11. c3 Be6 12. Bc4 Kh8 13. h4 Be7 14. Nd2 f5 15. exf5 Bxf5 16. g4 Be6 17. g5 Bf5 18. Qe2 e4 19. Nxe4 Ne5 20. f3 Bxe4 21. fxe4 Nf3+ 22. Kd1 b5 23. Bb3 Rb8 24. a5 Qe8 25. Nc7 Qc6 26. Ne6 Ne5 27. Bd5 Qd7 28. Rf1 Rxf1+ 29. Qxf1 Qe8 30. Qe2 Rc8 31. Kd2 Nc4+ 32. Kc2 Bd8 33. Rf1 Be7 34. h5 Nxa5 35. h6 g6 36. Qd3 Nc6 37. Bxc6 1-0

[Event "Hungarian U20 Junior-ch Women 2024"]
[Site "Budapest"]
[Date "2024.03.13"]
[Round "3.5"]
[White "Sulyok, Eszter"]
[Black "Kiraly, Lilla Virag"]
[Result "1/2-1/2"]
[ECO "E20"]
[WhiteElo "2082"]
[BlackElo "1923"]
[Annotator "RC"]
[PlyCount "127"]
[EventDate "2024.03.10"]
[EventCountry "HUN"]
[SourceTitle "playchess.com"]
[Source "ChessBase"]
[SourceQuality "1"]
[TimeControl "40/5400+30:1800+30"]

1. d4 Nf6 2. c4 e6 3. Nc3 Bb4 4. f3 Nh5 5. Nh3 c5 6. e4 Nc6 7. d5 Nd4 8. Bg5 Qa5 9. Bd2 Qc7 10. a3 Ba5 11. Nb5 Nxb5 12. cxb5 exd5 13. exd5 Qe5+ 14. Be2 Bxd2+ 15. Qxd2 O-O 16. g4 Nf6 17. O-O-O Re8 18. Bc4 Qe3 19. g5 Qxd2+ 20. Kxd2 d6 21. gxf6 Bxh3 22. Rhg1 g6 23. Rge1 Bg2 24. Re3 Rxe3 25. Kxe3 Re8+ 26. Kf2 Bh3 27. Rd3 Bf5 28. Re3 Rxe3 29. Kxe3 g5 30. f4 g4 31. Bd3 Bc8 32. f5 h6 33. Kf4 b6 34. Kxg4 Bb7 35. Bc4 Kh7 36. Kf4 Bc8 37. Bd3 Bd7 38. a4 Bc8 39. Ke3 h5 40. h4 Kh6 41. Kd2 Bb7 42. Be4 Bc8 43. Kc3 Bd7 44. a5 Bxb5 45. b4 Be2 46. axb6 axb6 47. Bc2 Kh7 48. bxc5 bxc5 49. Be4 Kg8 50. Kd2 Bg4 51. Ke3 Kf8 52. Bd3 Ke8 53. Kf4 Bd1 54. Bc4 Bc2 55. Kg5 Kf8 56. Kf4 Kg8 57. Kg5 Kh7 58. Kf4 Kh6 59. Bb5 Bb3 60. Ke4 Kh7 61. Be2 Kh6 62. Bb5 Kh7 63. Be2 Kh6 64. Bb5 1/2-1/2

[Event "Hungarian U20 Junior-ch Women 2024"]
[Site "Budapest"]
[Date "2024.03.14"]
[Round "4.1"]
[White "Toth, Lili"]
[Black "Kiraly, Lilla Virag"]
[Result "1/2-1/2"]
[ECO "E28"]
[WhiteElo "2199"]
[BlackElo "1923"]
[Annotator "RC"]
[PlyCount "99"]
[EventDate "2024.03.10"]
[EventCountry "HUN"]
[SourceTitle "playchess.com"]
[Source "ChessBase"]
[SourceQuality "1"]
[TimeControl "40/5400+30:1800+30"]

1. d4 Nf6 2. c4 e6 3. Nc3 Bb4 4. e3 O-O 5. a3 Bxc3+ 6. bxc3 c5 7. Ne2 Nc6 8. Ng3 d6 9. e4 Re8 10. Be2 b6 11. Ra2 Ba6 12. h4 Na5 13. Bg5 h6 14. Bd3 Bxc4 15. Bxc4 Nxc4 16. Qe2 b5 17. a4 hxg5 18. hxg5 Qa5 19. gxf6 Qxc3+ 20. Kf1 Qc1+ 21. Qe1 Qxe1+ 22. Kxe1 cxd4 23. axb5 Reb8 24. fxg7 Kxg7 25. Rh5 Ne5 26. Ke2 d3+ 27. Ke3 Rxb5 28. Rg5+ Kf6 29. f4 d2 30. Kxd2 Nc4+ 31. Kc3 d5 32. exd5 exd5 33. Re2 Rh8 34. Ne4+ Ke7 35. Nd2+ Kd7 36. Nxc4 Rc8 37. Kd4 Rxc4+ 38. Ke5 Rc6 39. Kd4 Rd6 40. Rf5 f6 41. g4 Rb4+ 42. Kc3 a5 43. Ra2 d4+ 44. Kd2 d3 45. Raxa5 Rb2+ 46. Kd1 Rg2 47. Rad5 Rxg4 48. Rxd6+ Kxd6 49. Rxf6+ Kd5 50. Kd2 1/2-1/2

[Event "Hungarian U20 Junior-ch Women 2024"]
[Site "Budapest"]
[Date "2024.03.14"]
[Round "4.2"]
[White "Sipos, Stefania"]
[Black "Sulyok, Eszter"]
[Result "0-1"]
[ECO "B07"]
[WhiteElo "1885"]
[BlackElo "2082"]
[Annotator "RC"]
[PlyCount "100"]
[EventDate "2024.03.10"]
[EventCountry "HUN"]
[SourceTitle "playchess.com"]
[Source "ChessBase"]
[SourceQuality "1"]
[TimeControl "40/5400+30:1800+30"]

1. e4 d6 2. d4 Nf6 3. Nc3 g6 4. Bg5 c6 5. Qd2 Bg7 6. f4 d5 7. e5 Ne4 8. Nxe4 dxe4 9. Ne2 f6 10. Bh4 O-O 11. Nc3 g5 12. Bc4+ Kh8 13. fxg5 fxe5 14. O-O-O b5 15. Bb3 Bg4 16. Rdf1 e3 17. Qxe3 exd4 18. Qe4 dxc3 19. Qxg4 cxb2+ 20. Kb1 Na6 21. g6 Qd6 22. Bf7 Nc5 23. Bg5 Rxf7 24. gxf7 Na4 25. Rf3 Rf8 26. Rhf1 Nc3+ 27. Rxc3 Bxc3 28. Qe2 Bf6 29. Bxf6+ exf6 30. Qe8 Kg7 31. Kxb2 Rxf7 32. Qe4 Qe5+ 33. Qxe5 fxe5 34. Re1 Kf6 35. Kc3 Ke6 36. Re2 Rf4 37. g3 Rg4 38. Re3 Rc4+ 39. Kb2 Rd4 40. Ra3 Rd7 41. Rc3 Rc7 42. Kc1 c5 43. Kd2 c4 44. Ra3 Kd5 45. Ke3 Kc5 46. Ke4 Kb4 47. Rf3 c3 48. Kxe5 Ka3 49. Kd6 Rc8 50. Rf7 Kb2 0-1

[Event "Hungarian U20 Junior-ch Women 2024"]
[Site "Budapest"]
[Date "2024.03.14"]
[Round "4.3"]
[White "Nandin-Erdene, Davaademberel"]
[Black "Juhasz, Judit"]
[Result "0-1"]
[ECO "A45"]
[WhiteElo "1978"]
[BlackElo "2002"]
[Annotator "RC"]
[PlyCount "92"]
[EventDate "2024.03.10"]
[EventCountry "HUN"]
[SourceTitle "playchess.com"]
[Source "ChessBase"]
[SourceQuality "1"]
[TimeControl "40/5400+30:1800+30"]

1. d4 Nf6 2. Bf4 g6 3. Nc3 d5 4. Qd2 a6 5. O-O-O h5 6. f3 Bf5 7. Re1 b5 8. e4 dxe4 9. fxe4 b4 10. exf5 bxc3 11. Qxc3 Nd5 12. Qf3 gxf5 13. c4 Nxf4 14. Qxa8 Bh6 15. Kb1 O-O 16. g3 Ne6 17. d5 Nc5 18. Nf3 Qd6 19. Nh4 e6 20. Bg2 Qb6 21. dxe6 fxe6 22. Qf3 Bg7 23. Re2 Rd8 24. Rc2 Ne4 25. Qf4 Nf6 26. Re1 Nbd7 27. Rd1 Rb8 28. Qf2 Nc5 29. Ng6 Ng4 30. Qe2 Na4 31. Rdd2 Qg1+ 32. Rd1 Qb6 33. b3 Ne3 34. Ne7+ Kf8 35. Ng6+ Kg8 36. Ne7+ Kf7 37. Rd7 Ke8 38. Bc6 Nxc2 39. Rxc7+ Kf8 40. Ng6+ Kg8 41. Ne7+ Kf8 42. Ng6+ Kg8 43. Qxe6+ Kh7 44. Qxf5 Na3+ 45. Kc1 Qe3+ 46. Kd1 Nc3# 0-1

[Event "Hungarian U20 Junior-ch Women 2024"]
[Site "Budapest"]
[Date "2024.03.14"]
[Round "4.4"]
[White "Szarvas, Nora"]
[Black "Toth, Nikoletta"]
[Result "0-1"]
[ECO "C23"]
[WhiteElo "1955"]
[BlackElo "1962"]
[Annotator "ChessBase"]
[PlyCount "84"]
[EventDate "2024.03.10"]
[EventCountry "HUN"]
[SourceTitle "playchess.com"]
[Source "ChessBase"]
[SourceQuality "1"]
[TimeControl "40/5400+30:1800+30"]

1. e4 e5 2. Bc4 Bc5 3. d3 Nc6 4. Nc3 Nf6 5. f4 d6 6. Nf3 a6 7. Nd5 h6 8. Nxf6+ Qxf6 9. f5 Na5 10. Qe2 Nxc4 11. dxc4 Bd7 12. Be3 O-O-O 13. c3 Bc6 14. b4 Bxe3 15. Qxe3 g6 16. g4 gxf5 17. gxf5 Rdg8 18. h3 Rg2 19. a4 Rg3 20. b5 Rxf3 21. Qxf3 Qh4+ 22. Qf2 Qxe4+ 23. Kd2 Bd7 24. Qe2 Qxf5 25. Raf1 Qg5+ 26. Qe3 Qg2+ 27. Kc1 Bf5 28. Qf2 Bxh3 29. Qa7 Qg5+ 30. Kb1 Bxf1 31. Qa8+ Kd7 32. Qxh8 Bd3+ 33. Ka1 Qd2 34. Qxh6 Qxc3+ 35. Ka2 Bxc4+ 36. Kb1 Bd3+ 37. Ka2 Qc2+ 38. Ka3 Qc5+ 39. Kb2 Qb4+ 40. Ka2 Bc4+ 41. Ka1 Qa3+ 42. Kb1 Bd3# 0-1

[Event "Hungarian U20 Junior-ch Women 2024"]
[Site "Budapest"]
[Date "2024.03.15"]
[Round "5.1"]
[White "Karacsonyi, Luca"]
[Black "Toth, Lili"]
[Result "1-0"]
[ECO "C55"]
[WhiteElo "1956"]
[BlackElo "2199"]
[Annotator "RC"]
[PlyCount "69"]
[EventDate "2024.03.10"]
[EventCountry "HUN"]
[SourceTitle "playchess.com"]
[Source "ChessBase"]
[SourceQuality "1"]
[TimeControl "40/5400+30:1800+30"]

1. e4 e5 2. Nf3 Nc6 3. Bc4 Nf6 4. d3 Be7 5. O-O O-O 6. Re1 d6 7. a4 h6 8. h3 Be6 9. Nc3 Re8 10. Nd5 Bxd5 11. exd5 Nb4 12. c3 Nbxd5 13. Qb3 c6 14. Qxb7 Rb8 15. Qxa7 Nb6 16. a5 Nxc4 17. dxc4 c5 18. b4 Nd7 19. b5 Bf6 20. Bd2 e4 21. Nh2 Ne5 22. b6 Nxc4 23. Nf1 Nxd2 24. Nxd2 Bxc3 25. Ra2 Ra8 26. Qc7 Qxc7 27. bxc7 d5 28. Rc1 d4 29. Nc4 e3 30. fxe3 dxe3 31. Rxc3 e2 32. Rxe2 Rxe2 33. Nb6 Ree8 34. Nxa8 Rxa8 35. Rxc5 1-0

[Event "Hungarian U20 Junior-ch Women 2024"]
[Site "Budapest"]
[Date "2024.03.15"]
[Round "5.3"]
[White "Juhasz, Judit"]
[Black "Szarvas, Nora"]
[Result "0-1"]
[ECO "B33"]
[WhiteElo "2002"]
[BlackElo "1955"]
[Annotator "RC"]
[PlyCount "72"]
[EventDate "2024.03.10"]
[EventCountry "HUN"]
[SourceTitle "playchess.com"]
[Source "ChessBase"]
[SourceQuality "1"]
[TimeControl "40/5400+30:1800+30"]

1. e4 c5 2. Nf3 Nc6 3. d4 cxd4 4. Nxd4 Nf6 5. Nc3 e6 6. Ndb5 Bb4 7. a3 Bxc3+ 8. Nxc3 d5 9. exd5 exd5 10. Bd3 O-O 11. O-O Bg4 12. f3 Bh5 13. Bg5 Qb6+ 14. Kh1 Ne4 15. Nxe4 dxe4 16. Bxe4 Qxb2 17. Qd6 Qb5 18. Qg3 Bg6 19. Bxg6 hxg6 20. Rab1 Qc4 21. h4 b6 22. Rfe1 Nd4 23. Qg4 Rac8 24. Be7 Rfe8 25. Bb4 Ne6 26. Qxc4 Rxc4 27. c3 Rxh4+ 28. Kg1 Rc4 29. Re3 Rd8 30. Be7 Rd7 31. Rb4 Rxb4 32. Bxb4 a5 33. Bxa5 bxa5 34. Re5 Ra7 35. Kf2 Kf8 36. Ke3 Ke7 0-1

[Event "Hungarian U20 Junior-ch Women 2024"]
[Site "Budapest"]
[Date "2024.03.15"]
[Round "5.4"]
[White "Sulyok, Eszter"]
[Black "Nandin-Erdene, Davaademberel"]
[Result "1-0"]
[ECO "A80"]
[WhiteElo "2082"]
[BlackElo "1978"]
[Annotator "RC"]
[PlyCount "97"]
[EventDate "2024.03.10"]
[EventCountry "HUN"]
[SourceTitle "playchess.com"]
[Source "ChessBase"]
[SourceQuality "1"]
[TimeControl "40/5400+30:1800+30"]

1. d4 f5 2. Bg5 g6 3. h4 Bg7 4. Nc3 h6 5. Bf4 Nf6 6. e3 d6 7. Qf3 e6 8. Bc4 Qe7 9. Qg3 Qf7 10. O-O-O Bd7 11. Nge2 a6 12. f3 b5 13. Bb3 a5 14. a4 bxa4 15. Nxa4 Bxa4 16. Bxa4+ Nbd7 17. e4 fxe4 18. fxe4 O-O 19. Qd3 Nb6 20. Bc6 Ra7 21. Rdf1 a4 22. Be5 dxe5 23. dxe5 a3 24. bxa3 Qe7 25. exf6 Rxf6 26. Nd4 Rxa3 27. Nb3 Rxf1+ 28. Rxf1 Qxh4 29. e5 Qg5+ 30. Kb2 Ra7 31. Re1 Bxe5+ 32. Kb1 Qf6 33. Rf1 Qg7 34. Qd8+ Kh7 35. Qe8 Bf6 36. Qxe6 Bc3 37. Rf7 Na4 38. Rxg7+ Bxg7 39. Be8 Nc3+ 40. Kc1 Ra8 41. Bxg6+ Kh8 42. Bd3 Na2+ 43. Kd2 Rd8 44. Qe7 Rf8 45. Nd4 Kg8 46. Ne2 Kh8 47. Qe4 Kg8 48. Qc4+ Kh8 49. Qxa2 1-0